 Dungeon Crawl Stone Soup version 0.28-b1-25-g9875b3fc8c (webtiles) character file.

Game seed: 3775727372293206409

212 crazypyro the Ruffian (level 5, -10/40 (41) HPs)
             Began as a Demonspawn Fighter on Jan 31, 2022.
             Mangled by Crazy Yiuf (18 damage)
             ... on level 2 of the Dungeon.
             The game lasted 00:02:09 (2732 turns).

crazypyro the Ruffian (Demonspawn Fighter)          Turns: 2732, Time: 00:02:11

HP:   -10/40 (41)   AC:  9    Str: 18    XL:     5   Next: 58%
MP:   5/5           EV:  7    Int: 10    God:
Gold: 88            SH:  4    Dex: 12    Spells: 4/4 levels left

rFire   . . .      SeeInvis .   a - +0 war axe
rCold   . . .      Faith    .   (no shield)
rNeg    . . .      Spirit   .   f - +0 chain mail
rPois   .          Reflect  .   (no helmet)
rElec   .          Harm     .   (no cloak)
rCorr   .          Rampage  .   (no gloves)
Will    .....                   (no boots)
Stlth   ..........              (no amulet)
HPRegen 0.13/turn               (no ring)
MPRegen 0.09/turn               (no ring)

@: slowed, lightly drained, very slow
A: claws 1, large bone plates 1, powered by death 1
a: no special abilities


You were on level 2 of the Dungeon.
You visited 1 branch of the dungeon, and saw 2 of its levels.

You collected 88 gold pieces.

Inventory:

Hand Weapons
 a - a +0 war axe (weapon)
Armour
 b - a +0 scale mail
 c - a +0 buckler
 f - a +0 chain mail (worn)
Jewellery
 j - a ring of ice
Scrolls
 i - a scroll of noise {unknown}
Potions
 d - a potion of might
 e - a potion of brilliance
 g - a potion of curing {unknown}
 h - a potion of invisibility {unknown}


   Skills:
 - Level 3.1 Fighting
 - Level 2.0 Axes
 - Level 2.8 Armour
 - Level 2.8 Shields
 * Level 4.5 Unarmed Combat


You had 4 spell levels left.
You didn't know any spells.
Your spell library was empty.

Dungeon Overview and Level Annotations

Branches:
Dungeon (2/15)

Altars:

Annotations:
D:2 Crazy Yiuf


Innate Abilities, Weirdness & Mutations

You have sharp fingernails.
You are partially covered in large bone plates. (SH +4)
You regenerate a little health from kills.


Message History

There is a stone staircase leading up here.
You see here 15 stones.
There is an open door here.
You see here a +0 leather armour.
You see here a +0 dagger.
You open the door.
Crazy Yiuf sings, "Trees, trees, trees, circus!"
Crazy Yiuf completely misses you.
There is an open translucent door here.
You hit Crazy Yiuf.
Crazy Yiuf is lightly wounded.
You block Crazy Yiuf's attack.
You barely miss Crazy Yiuf.
Crazy Yiuf is lightly wounded.
You block Crazy Yiuf's attack. Crazy Yiuf hits you but does no damage.
You feel yourself slow down.
You barely miss Crazy Yiuf.
Crazy Yiuf hits you with a +2 quarterstaff of chaos.
Crazy Yiuf barely misses you.
You barely miss Crazy Yiuf. Crazy Yiuf barely misses you.
Crazy Yiuf closely misses you.
You completely miss Crazy Yiuf. Crazy Yiuf hits you but does no damage.
Crazy Yiuf closely misses you.
You slash Crazy Yiuf!
Crazy Yiuf is moderately wounded.
Crazy Yiuf cries, "Castle sallow pontify!"
Crazy Yiuf barely misses you. Crazy Yiuf completely misses you.
You completely miss Crazy Yiuf.
Crazy Yiuf is moderately wounded.
You block Crazy Yiuf's attack.
Crazy Yiuf hits you with a +2 quarterstaff of chaos!
Crazy Yiuf freezes you.
You hit Crazy Yiuf.
Crazy Yiuf is heavily wounded.
Crazy Yiuf hits you with a +2 quarterstaff of chaos.
You feel drained.
Crazy Yiuf hits you with a +2 quarterstaff of chaos!
* * * LOW HITPOINT WARNING * * *
You are electrocuted!!
You die...

###### #....# #
#....# # #....# #
#....# # #....###
#### ♣♣##.......
#)..#♣♣ ♣♣..#.+#####
#..g@.♣♣♣♣......#####
#...#♣..♣.......#....
###### ####
♣♣♣.♣...##.#....
#..#.# ♣♣♣♣♣###.#....
#..#.# #.#....
#..#.### #.#....
#......# #.#....
##.##.#.# #.#####
#.....#.# #......


You could see Crazy Yiuf.

Vanquished Creatures
  Sigmund (D:2)
  2 adders (D:2)
  A worm (D:2)
  A dart slug (D:1)
  An endoplasm (D:1)
  4 giant cockroaches
  3 goblins
  2 hobgoblins
  2 quokkas
  10 ball pythons
  3 bats (D:1)
  3 kobolds (D:1)
  2 rats (D:1)
35 creatures vanquished.

Notes
Turn   | Place    | Note
-------+----------+-------------------------------------------
     0 | D:1      | crazypyro the Demonspawn Fighter began the quest for the
                  | Orb.
     0 | D:1      | Reached XP level 1. HP: 18/18 MP: 1/1
   184 | D:1      | Gained mutation: You have sharp fingernails. [demonic
                  | ancestry]
   184 | D:1      | Reached XP level 2. HP: 20/24 MP: 2/2
   733 | D:1      | Reached skill level 1 in Unarmed Combat
  1036 | D:2      | Reached XP level 3. HP: 27/29 MP: 3/3
  1203 | D:2      | Reached skill level 2 in Unarmed Combat
  1659 | D:2      | Found a runed translucent door.
  1660 | D:2      | Noticed Crazy Yiuf
  2257 | D:2      | Noticed Sigmund
  2281 | D:2      | Killed Sigmund
  2282 | D:2      | Reached skill level 4 in Unarmed Combat
  2282 | D:2      | Gained mutation: You are partially covered in large bone
                  | plates. (SH +4) [demonic ancestry]
  2282 | D:2      | Reached XP level 4. HP: 10/35 MP: 4/4
  2282 | D:2      | Gained mutation: You regenerate a little health from kills.
                  | [demonic ancestry]
  2282 | D:2      | Reached XP level 5. HP: 11/41 MP: 5/5
  2732 | D:2      | Mangled by Crazy Yiuf

Illustrated notes

Levels and vault maps discovered:
D:1:      lordsloth_arrival_two_stooges, layout_basic
D:2:      layout_basic, uniq_sigmund, uniq_crazy_yiuf_cottage

Skill      XL: |  1  2  3 |
---------------+----------+-----
Axes           | 2 |  2.0
Unarmed Combat | 1 4 |  4.5
Fighting       | |  3.1
Armour         | |  2.8
Shields        | |  2.8

Action                   |  1- 3 |  4- 6 || total
-------------------------+-------+-------++-------
Melee: War axe           |   121 |     8 ||   129
  Use: Scroll            |     4 |       ||     4
Armor: Scale mail        |    40 |       ||    40
       Chain mail        |     8 |     2 ||    10
Dodge: Dodged            |    50 |     7 ||    57
Block: Buckler           |    24 |       ||    24
       Other             |       |     3 ||     3
